AoeStats
← -.-D-.-i-.-E-.-k-.-Q-.-u-.-ÄsM-

African Clearing

505300100Analyzed
4v4 RM · 24d ago on Sep 8, 2026· 46m 9s· 8 players
Game mode
Random Map
Map size
Large (8 player)
Population
200
Speed
Normal
Resources
Standard
Victory
Conquest
Starting age
Dark Age
Ending age
Imperial Age
RankedLock teamsTeams togetherTeam positionsShared explorationLock speedFull tech treeHidden civsTurbo modeCheats
Victory
Defeat
🇨🇿 Teutons · Czechia
1200
+13
🇪🇸 Huns · Spain
1164
+14
🇬🇧 Berbers · United Kingdom
1145
+15
1108
+17
🇪🇸 Shu · Spain
1200
-17
🇦🇷 Celts · Argentina
1149
-16
1086
-13
🇨🇳 Mongols · China
1083
-13
namrskal
6:36 Loom
14:13 Feudal Age
16:23 Double-Bit Axe
21:54 Castle Age
20:29 Scale Barding Armor
21:41 Bloodlines
21:46 Forging
25:38 Fletching
28:09 Town Watch
40:04 Wheelbarrow
39:42 Gold Mining
42:51 Bodkin Arrow
El Boss
12:48 Feudal Age
12:26 Loom
13:19 Double-Bit Axe
13:18 Horse Collar
13:31 Gold Mining
21:01 Castle Age
19:20 Fletching
20:04 Stone Mining
24:43 Bow Saw
27:03 Wheelbarrow
26:46 Heavy Plow
29:06 Hand Cart
28:37 Town Watch
35:48 Imperial Age
34:06 Marauders
35:13 Town Patrol
35:43 Forging
35:39 Scale Barding Armor
37:32 Two-Man Saw
37:09 Iron Casting
36:57 Conscription
36:41 Husbandry
36:53 Bloodlines
39:42 Blast Furnace
39:02 Chain Barding Armor
38:39 Elite Tarkan
-.-D-.-i-.-E-.-k-.-Q-.-u-.-ÄsM-
9:31 Loom
12:14 Feudal Age
14:14 Double-Bit Axe
14:04 Man-at-Arms
14:52 Scale Mail Armor
17:24 Forging
23:08 Castle Age
24:49 Bow Saw
24:21 Horse Collar
24:18 Pikeman
24:59 Squires
26:50 Heavy Plow
31:16 Chain Mail Armor
31:36 Iron Casting
35:20 Imperial Age
33:28 Gold Mining
33:17 Long Swordsman
35:51 Wheelbarrow
35:56 Town Watch
35:38 Halberdier
37:14 Iron Casting
36:52 Fletching
36:23 Legionary
38:11 Hand Cart
40:47 Blast Furnace
40:14 Onager
42:27 Chemistry
41:47 Ballistics
41:25 Bodkin Arrow
41:36 Scale Barding Armor
43:28 Gold Shaft Mining
43:25 Crop Rotation
42:48 Stone Mining
43:22 Chain Barding Armor
43:03 Padded Archer Armor
44:31 Conscription
44:45 Comitatenses
43:51 Heavy Scorpion
45:43 Elite Centurion
henrygobaker
12:56 Feudal Age
12:53 Loom
18:35 Castle Age
18:34 Fletching
26:16 Bloodlines
27:25 Horse Collar
31:43 Ballistics
35:57 Imperial Age
35:32 Padded Archer Armor
35:27 Bodkin Arrow
37:17 Wheelbarrow
37:28 Bracer
37:28 Town Watch
40:43 Hand Cart
42:18 Elite Camel Archer
43:25 Maghrebi Camels
45:52 Thumb Ring
46:06 Leather Archer Armor
Mameluco adbuser
3:02 Loom
14:05 Feudal Age
16:04 Double-Bit Axe
16:33 Double-Bit Axe
16:44 Fletching
16:48 Horse Collar
19:53 Castle Age
20:00 Padded Archer Armor
21:01 Bow Saw
23:46 Crossbowman
26:04 Bodkin Arrow
29:33 Ballistics
31:50 Thumb Ring
32:32 Town Watch
35:28 Leather Archer Armor
35:33 Gold Mining
35:33 Stone Mining
35:47 Murder Holes
41:19 Wheelbarrow
44:16 Imperial Age
41:47 Town Patrol
42:29 Squires
41:51 Pikeman
42:17 Gambesons
42:41 Scale Mail Armor
42:51 Forging
43:20 Hand Cart
43:53 Hand Cart
EL LEON
3:40 Loom
14:41 Feudal Age
20:11 Castle Age
19:00 Double-Bit Axe
21:29 Gold Mining
21:15 Pikeman
26:27 Wheelbarrow
26:04 Bow Saw
25:38 Horse Collar
32:48 Hand Cart
39:40 Stone Mining
40:25 Gold Shaft Mining
39:54 Heavy Plow
44:20 Imperial Age
折枝
5:25 Loom
12:33 Feudal Age
17:28 Castle Age
17:12 Double-Bit Axe
25:39 Bow Saw
26:06 Horse Collar
28:52 Fletching
30:56 Fishing Lines
35:32 Padded Archer Armor
38:26 Wheelbarrow
37:37 Town Watch
39:33 Leather Archer Armor
46:09 Imperial Age
驯龙骑士尹志平
14:29 Loom
16:29 Feudal Age
18:06 Man-at-Arms
19:33 Forging
19:24 Double-Bit Axe
27:05 Castle Age
25:13 Stone Mining
26:00 Gold Mining
30:27 Bow Saw
33:36 Imperial Age
30:59 Town Watch
32:25 Fishing Lines
35:24 Wheelbarrow
34:51 Town Patrol
35:56 Two-Man Saw
36:02 Conscription
36:31 Gold Shaft Mining
37:45 Kataparuto
38:26 Hand Cart
39:56 Gillnets
41:45 Squires
41:31 Arson
41:12 Elite Samurai
43:18 Iron Casting
42:43 Scale Mail Armor
45:43 Blast Furnace
44:58 Chain Mail Armor
Connection lost

Rejoining the realm…

Still unreachable

The connection could not be restored.

Session expired

The server has moved on; the page needs a fresh start.